 Dungeon Crawl Stone Soup version 0.25-a0-246-g58704a1ebd (webtiles) character file.

Game seed: 17415388580434972644, levelgen mode: classic

1333 Borgoz the Shield-Bearer (level 8, -12/51 HPs)
             Began as a Gargoyle Fighter on Dec 3, 2019.
             Mangled by an orc warrior
             ... wielding a +0 dire flail
              (17 damage)
             ... on level 7 of the Dungeon.
             The game lasted 00:11:44 (5146 turns).

Borgoz the Shield-Bearer (Gargoyle Fighter)         Turns: 5146, Time: 00:11:44

Health: -12/51     AC: 15    Str: 22    XL:     8   Next: 61%
Magic:  8/8        EV:  8    Int:  9    God:
Gold:   316        SH: 10    Dex:  9    Spells: 7/7 levels left

rFire    + . .     SeeInvis .   e - +2 rapier (freeze)
rCold    x . .     Gourm    .   c - +0 shield
rNeg     + . .     Faith    .   r - +0 scale mail
rPois    ∞         Spirit   .   h - +0 helmet
rElec    +         Reflect  .   (no cloak)
rCorr    .         Harm     .   o - +0 pair of gloves
MR       .....                  (no boots)
Stlth    +.........             (no amulet)
HPRegen  0.17/turn              u - ring of fire (curse)
MPRegen  0.11/turn              l - ring of stealth

@: slowed, very slow
A: negative energy resistance 1, electricity resistance, unbreathing,
petrification resistance, rot immunity, AC +5
a: no special abilities


You were on level 7 of the Dungeon.
You were not hungry.

You visited 1 branch of the dungeon, and saw 7 of its levels.

You collected 316 gold pieces.

Inventory:

Hand Weapons
 a - a +4 short sword
 b - a +2 whip of venom
 e - a +2 rapier of freezing (weapon)
 p - a +1 short sword of speed
Missiles
 s - 20 poisoned darts (quivered)
Armour
 c - a +0 shield (worn)
 h - a +0 helmet (worn)
 m - a +0 plate armour
 o - a +0 pair of gloves (worn)
 r - a +0 scale mail (worn)
Jewellery
 d - an uncursed ring of fire
 l - a ring of stealth (right hand)
 n - an uncursed ring of protection from cold
 u - a cursed ring of fire (left hand)
Scrolls
 j - 2 scrolls of teleportation
 k - a scroll of magic mapping
 t - a scroll of enchant armour
Potions
 g - a potion of haste {unknown}
 q - a potion of magic
 v - a potion of agility {unknown}
 x - a potion of flight
 z - a potion of resistance {unknown}
Comestibles
 f - 10 rations
 i - 4 chunks of flesh


   Skills:
 + Level 6.0 Fighting
 * Level 5.1 Short Blades
 - Level 3.0 Maces & Flails
 + Level 6.0 Armour
 + Level 6.1 Shields


You had 7 spell levels left.
You didn't know any spells.
Your spell library was empty.

Dungeon Overview and Level Annotations

Branches:
Dungeon (7/15)
 Temple: D:4-7

Altars:
Sif Muna
The Shining One


Innate Abilities, Weirdness & Mutations

You are resistant to torment.
Your stone body is resilient. (AC +5)
You are immune to poison.
You resist negative energy. (rN+)
You are resistant to electric shocks. (rElec)
You can survive without breathing.
You are immune to petrification.
You are immune to rotting.


Message History

Reactivating autopickup.
A centaur comes into view.
There is a stone staircase leading up here.
The centaur wields a cursed +0 shortbow.
The centaur shoots an arrow.
The arrow hits you but does no damage.
The centaur shoots an arrow.
You block the arrow.
You see here an arrow.
The centaur shoots an arrow.
The arrow hits you but does no damage.
The orc warrior hits you with a +0 dire flail.
* * * LOW HITPOINT WARNING * * *
The centaur shoots an arrow.
You block the arrow.
You see here 2 arrows.
The centaur shoots an arrow.
You block the arrow.
You see here an arrow.
You block the centaur's attack.
The centaur shoots an arrow.
The arrow barely misses you.
The orc warrior hits you but does no damage.
The centaur shoots an arrow.
The arrow hits you but does no damage.
The orc warrior hits you with a +0 dire flail!
You die...

#. #. # .
#.#####.#
..###..c.@.(#
........o####
........(+
........(#
.......<.#
#####+#..#
#.## #.. ###


You could see an orc warrior and a centaur.

Vanquished Creatures
  A water moccasin (D:5)
  An orc warrior (D:6)
  2 phantoms
  2 ogres
  A scorpion (D:4)
  2 crimson imps
  2 hounds
  An orc priest (D:4)
  7 orc wizards
  2 iguanas
  6 worker ants
  6 adders
  2 shadow imps
  An ooze (D:3)
  An adder zombie (D:6)
  An adder skeleton (D:5)
  5 worms
  A dart slug (D:2)
  2 leopard geckos
  7 orcs
  6 ball pythons
  9 giant cockroaches
  3 goblins (D:1)
  6 hobgoblins
  7 jackals
  8 kobolds
  3 quokkas
  5 bats
  A frilled lizard (D:2)
  A jackal zombie (D:5)
  6 rats
108 creatures vanquished.

Notes
Turn   | Place    | Note
-------+----------+-------------------------------------------
     0 | D:1      | Borgoz the Gargoyle Fighter began the quest for the Orb.
     0 | D:1      | Reached XP level 1. HP: 14/14 MP: 1/1
   108 | D:1      | Reached XP level 2. HP: 4/19 MP: 2/2
  1028 | D:2      | Reached XP level 3. HP: 14/23 MP: 3/3
  1201 | D:2      | HP: 1/24 [worm (5)]
  1458 | D:2      | Reached XP level 4. HP: 25/29 MP: 4/4
  1519 | D:2      | Found a glowing golden altar of the Shining One.
  2513 | D:3      | Reached XP level 5. HP: 33/33 MP: 5/5
  2733 | D:4      | Noticed a phantom
  2760 | D:3      | Reached skill level 1 in Short Blades
  3045 | D:4      | Reached XP level 6. HP: 36/39 MP: 6/6
  3216 | D:4      | Found a shimmering blue altar of Sif Muna.
  3219 | D:4      | Noticed a phantom
  3412 | D:4      | Killed a phantom
  3412 | D:4      | Reached skill level 5 in Fighting
  3412 | D:4      | Reached skill level 5 in Shields
  3412 | D:4      | Reached XP level 7. HP: 33/44 MP: 7/7
  3528 | D:5      | Entered Level 5 of the Dungeon
  3567 | D:5      | Identified a scroll of acquirement
  3624 | D:5      | Reached skill level 5 in Armour
  4050 | D:5      | Reached XP level 8. HP: 44/50 MP: 8/8
  4972 | D:6      | Reached skill level 5 in Short Blades
  5146 | D:7      | Mangled by an orc warrior

Levels and vault maps discovered:
D:1:      dpeg_arrival_signposts, layout_basic, roderic_lattice_a
D:2:      layout_basic, first_ration, minmay_misc_feat_cross,
          hangedman_abyss_or_decor_stabs, hex_intersection,
          kennysheep_small_spiral, nicolae_tso_carved_into_rock
D:3:      layout_rooms, serial_bayou_crossing
D:4:      layout_rooms, dk_noncrumbling_4, lemuel_tele_altar
D:5:      layout_cave_pools, minmay_door_square, grunt_tough_drop
D:6:      minmay_flawed_box, layout_loops_ring, basic_altar,
          minmay_misc_feat_rows
D:7:      layout_basic, elyvilon_altar_5, marbit_many_paths,
          minmay_temple_entry_slanted, grunt_ogre_cave, uniq_menkaure

Skill      XL: |  1  2  3  4  5  6  7  8 |
---------------+-------------------------+-----
Fighting       | 4 5 6 |  6.0
Armour         | 4 5 6 |  6.0
Shields        | 4 5 6 |  6.1
Maces & Flails | 3 |  3.0
Short Blades   | 1 3 4 5 |  5.1

Action                   |  1- 3 |  4- 6 |  7- 9 || total
-------------------------+-------+-------+-------++-------
Melee: Flail             |   157 |   193 |       ||   350
       Whip              |       |    97 |   133 ||   230
       Rapier            |       |       |    27 ||    27
       Short sword       |       |       |     5 ||     5
  Use: Potion            |     4 |       |     6 ||    10
       Scroll            |     2 |     3 |     7 ||    12
  Eat: Chunk             |     2 |     7 |     6 ||    15
Armor: Scale mail        |   106 |   148 |    75 ||   329
       Skin              |       |       |     6 ||     6
Dodge: Dodged            |    66 |   100 |    28 ||   194
Block: Shield            |   108 |   143 |    78 ||   329

Table legend:
 A = Non-vault XP
 B = Vault XP
 C = Vault XP percentage of total XP
 D = Non-vault monster count
 E = Vault monster count
 F = Vault count percentage of total count
                 A         B        C        D         E       F
            +---------+---------+-------+---------+---------+-------
      Total |    1571 |     334 |  17.5 |      99 |       9 |   8.3
            +---------+---------+-------+---------+---------+-------
        D:1 |      26 |       0 |   0.0 |      14 |       0 |   0.0
        D:2 |      99 |       0 |   0.0 |      23 |       0 |   0.0
        D:3 |     123 |       0 |   0.0 |      24 |       0 |   0.0
        D:4 |     496 |       0 |   0.0 |      17 |       0 |   0.0
        D:5 |     492 |      95 |  16.2 |       9 |       3 |  25.0
        D:6 |     335 |     239 |  41.6 |      12 |       6 |  33.3
            +---------+---------+-------+---------+---------+-------
